 Dungeon Crawl Stone Soup version 0.21-a0-552-g593960d (webtiles) character file.

7 tidbits the Insei (level 2, 21/23 HPs)
             Began as a Gnoll Transmuter on Dec 17, 2017.
             Quit the game on level 2 of the Dungeon.
             The game lasted 00:01:44 (210 turns).

tidbits the Insei (Gnoll Transmuter)                 Turns: 210, Time: 00:01:45

Health: 21/23      AC:  3    Str: 12    XL:     2   Next: 4%
Magic:  7/7        EV: 14    Int: 15    God:
Gold:   0          SH:  0    Dex: 15    Spells: 7/10 levels left

rFire    . . .     SeeInvis .     - Unarmed
rCold    . . .     Gourm    .   (no shield)
rNeg     . . .     Faith    .   b - +0 robe
rPois    .         Spirit   .   h - +0 helmet
rElec    .         Reflect  .   (no cloak)
rCorr    +         Harm     .   (no gloves)
MR       .....                  (no boots)
Stlth    +.........             (no amulet)
HPRegen  0.07/turn              g - ring of resist corrosion
MPRegen  0.10/turn              (no ring)

@: no status effects
A: distributed training, fangs 1, strong nose
a: no special abilities


You were on level 2 of the Dungeon.
You were not hungry.

You visited 1 branch of the dungeon, and saw 2 of its levels.

Inventory:

Hand Weapons
 i - a +0 short sword
Missiles
 a - 12 arrows
 f - a throwing net (quivered) {!f}
Armour
 b - a +0 robe (worn)
 h - a +0 helmet (worn)
Jewellery
 g - a ring of resist corrosion (left hand)
   (You found it on level 2 of the Dungeon)
Scrolls
 e - 2 scrolls of identify {unknown}
 j - a scroll of enchant armour {unknown}
 k - a scroll of amnesia {unknown}
 l - a scroll of magic mapping {unknown}
Books
 c - a book of Changes

   Spells                             Type                      Level
   a - Beastly Appendage              Transmutation                1
   b - Sticks to Snakes               Transmutation                2
   c - Spider Form                    Transmutation/Poison         3
   d - Ice Form                       Ice/Transmutation            4
   e - Blade Hands                    Transmutation                5
Comestibles
 d - a bread ration


   Skills:
 + Level 2.4 Fighting
 + Level 0.2 Short Blades
 + Level 0.2 Long Blades
 + Level 0.2 Axes
 + Level 0.2 Maces & Flails
 + Level 0.2 Polearms
 + Level 0.2 Staves
 + Level 0.2 Slings
 + Level 0.2 Bows
 + Level 0.2 Crossbows
 + Level 0.2 Throwing
 + Level 0.2 Armour
 + Level 4.4 Dodging
 + Level 0.2 Stealth
 + Level 0.2 Shields
 + Level 6.4 Unarmed Combat
 + Level 4.9 Spellcasting
 + Level 0.1 Conjurations
 + Level 0.1 Hexes
 + Level 0.1 Charms
 + Level 0.1 Summonings
 + Level 0.1 Necromancy
 + Level 0.1 Translocations
 + Level 3.6 Transmutations
 + Level 0.1 Fire Magic
 + Level 0.1 Ice Magic
 + Level 0.1 Air Magic
 + Level 0.1 Earth Magic
 + Level 0.1 Poison Magic
 + Level 0.3 Invocations
 + Level 0.2 Evocations


You had 7 spell levels left.
You knew the following spells:

 Your Spells              Type           Power        Failure   Level  Hunger
e - Beastly Appendage     Tmut           ##....       3%          1    None
k - Sticks to Snakes      Tmut           ##......     5%          2    ##.....


Dungeon Overview and Level Annotations

Branches:
Dungeon (2/15)

Altars:
The Shining One


Innate Abilities, Weirdness & Mutations

Your experience applies equally to all skills.
You have very sharp teeth.
Your uncanny sense of smell can sniff out nearby items.


Message History

You punch the hobgoblin!
You kill the hobgoblin!
g - a small ruby ring Put on which piece of jewellery? (? for menu, Esc to quit)
g - a ring of resist corrosion (left hand)
Your talons disappear.
Found a stone staircase leading up.
A hobgoblin comes into view. It is wielding a club.
Casting: Beastly Appendage
Confirm with . or Enter, or press ? or * to list all spells.
You grow a pair of large bovine horns.
The hobgoblin shouts!
You closely miss the hobgoblin.
The hobgoblin hits you but does no damage.
You barely miss the hobgoblin. Your bite misses the hobgoblin.
The hobgoblin hits you with a club.
You hit the hobgoblin. Your bite misses the hobgoblin.
The hobgoblin is heavily wounded.
You hit the hobgoblin.
The hobgoblin is severely wounded.
The hobgoblin hits you with a club.
You punch the hobgoblin!
You kill the hobgoblin!
You see here a club.
Your transformation is almost over.
There is a stone staircase leading up here.
You climb upwards.
There is a stone staircase leading down here.
Your horns disappear.
You open the door.
There is an open door here.
You open the door.
There is an open door here.
Found a scroll labeled DENULO KAMU.
Found a helmet.
You see here a helmet.
h - a helmet Wear which item? (? for menu, Esc to quit)
You start putting on your armour.
You continue putting on your helmet. x4
You finish putting on your +0 helmet.
e - 2 scrolls labeled DENULO KAMU (gained 1)
A kobold comes into view. It is wielding a short sword.
The kobold shouts!
The kobold misses you.
Found a stone staircase leading down.
You barely miss the kobold. Your punch misses the kobold.
The kobold barely misses you.
Casting: Beastly Appendage
Confirm with . or Enter, or press ? or * to list all spells.
Your feet morph into talons.
The kobold closely misses you.
You hit the kobold.
The kobold is severely wounded.
The kobold barely misses you.
You punch the kobold!
You kill the kobold!
Things that are here:
a short sword; a kobold corpse
i - a short sword
There is a stone staircase leading down here.
You climb downwards.
A frilled lizard comes into view.
Found three items.
Found a stone staircase leading down.
There is a stone staircase leading up here.
Casting: Beastly Appendage
Confirm with . or Enter, or press ? or * to list all spells.
You extend your transformation's duration.
The frilled lizard hisses angrily.
You closely miss the frilled lizard.
The frilled lizard bites you but does no damage.
You punch the frilled lizard!
You kill the frilled lizard!
You have reached level 2!
Memorise Sticks to Snakes, consuming 2 spell levels and leaving 7?
You start memorising the spell.
You continue memorising. x2
You finish memorising.
Spell assigned to 'k'.
Found a helmet.
Your transformation is almost over.
j - a scroll labeled BIFI BOILUGEA
k - a scroll labeled PUMUXT SOWIOC
Found a glowing golden altar of the Shining One.
Found a scroll labeled ZEQ TINOTIBY.
Your talons disappear.
l - a scroll labeled ZEQ TINOTIBY You enter a teleport trap!
The teleport trap disappears.
Your surroundings suddenly seem different.
A bat comes into view.
You closely miss the bat. The bat completely misses you.
The bat barely misses you.
You hit the bat but do no damage. The bat hits you.
Casting: Beastly Appendage
Confirm with . or Enter, or press ? or * to list all spells.
Your feet morph into talons.
The bat hits you but does no damage.
You hit the bat.
You kill the bat!
You see here a bat corpse.
Your transformation is almost over.
You open the door.
There is an open door here.
Your talons disappear.
Are you sure you want to abandon this character and quit the game? (Confirm with "yes".)

#. # .# .. .
...#.# ###
.....##### ...
........@# ## #
#####.#..## .#
#.#...#....####
##
..............#
#...........#
.##........# ##
#####........#
.#
#............#
.#
#.###........#


There were no monsters in sight!

Vanquished Creatures
  A goblin (D:1)
  2 hobgoblins (D:2)
  A bat (D:2)
  A frilled lizard (D:2)
  2 kobolds (D:1)
7 creatures vanquished.

Notes
Turn   | Place    | Note
-------+----------+-------------------------------------------
     0 | D:1      | tidbits the Gnoll Transmuter began the quest for the Orb.
     0 | D:1      | Reached XP level 1. HP: 17/17 MP: 6/6
   155 | D:2      | Reached XP level 2. HP: 18/23 MP: 5/7
   159 | D:2      | Learned a level 2 spell: Sticks to Snakes
   167 | D:2      | Found a glowing golden altar of the Shining One.
   210 | D:2      | Quit the game

Vault maps used:
D:1:      tarquinn_simple_flora_water_e, minmay_close_crescents
D:2:      lemuel_crystal_altar, trog_three_pillars_becter

Action                   || total
-------------------------++-------
Melee: Unarmed           ||    18
       Bite              ||     1
 Cast: Beastly Appendage ||     6
Armor: Robe              ||     3
Dodge: Dodged            ||     7

Table legend:
 A = Spawn XP
 B = Non-spawn XP
 C = Spawn XP percentage of total XP
 D = Spawn monster count
 E = Non-spawn monster count
 F = Spawn count percentage of total count
 G = Total turns spent on level
                    A         B        C        D         E        F      G
               +---------+---------+-------+---------+---------+-------+---------
         Total |       0 |      11 |   0.0 |       0 |       7 |   0.0 |   210
               +---------+---------+-------+---------+---------+-------+---------
           D:1 |       0 |       5 |   0.0 |       0 |       3 |   0.0 |   118
           D:2 |       0 |       6 |   0.0 |       0 |       4 |   0.0 |    92
               +---------+---------+-------+---------+---------+-------+---------

Table legend:
 A = Turns spent in this place as a percentage of turns spent in the entire game.
 B = Non-inter-level travel turns spent in this place as a percentage of non-inter-level travel turns spent in the entire game.
 C = Inter-level travel turns spent in this place as a percentage of turns spent in this place.
 D = Turns resting spent in this place as a percentage of non-inter-level travel turns spent in this place.
 E = Turns spent auto-exploring this place as a percentage of non-inter-level travel turns spent in this place.
 F = Non-inter-level travel turns spent in this place divided by the number of levels of this place that you've seen.
                   A       B       C       D       E      F
               +-------+-------+-------+-------+-------+----------------------
         Total | 100.0 | 100.0 |   0.0 |   0.0 |   0.0 | 105.0
       Dungeon | 100.0 | 100.0 |   0.0 |   0.0 |   0.0 | 105.0
               +-------+-------+-------+-------+-------+----------------------

Table legend:
 A = Kills in this place as a percentage of kills in entire the game.
 B = Kills by you in this place as a percentage of kills by you in the entire game.
 C = Kills by friends in this place as a percentage of kills by friends in the entire game.
 D = Other kills in this place as a percentage of other kills in the entire game.
 E = Experience gained in this place as a percentage of experience gained in the entire game.
 F = Experience gained in this place divided by the number of levels of this place that you have seen.
                   A       B       C       D       E      F
               +-------+-------+-------+-------+-------+----------------------
         Total | 100.0 | 100.0 |   N/A |   N/A | 100.0 |   5.5
       Dungeon | 100.0 | 100.0 |   N/A |   N/A | 100.0 |   5.5
               +-------+-------+-------+-------+-------+----------------------

Vault maps used:
D:1:      tarquinn_simple_flora_water_e, minmay_close_crescents
D:2:      lemuel_crystal_altar, trog_three_pillars_becter
